 Dungeon Crawl Stone Soup version 0.22.1-6-g1668fe2 (webtiles) character file.

89 Marihumana the Twirler (level 4, -5/34 HPs)
             Began as a Demonspawn Gladiator on Jan 21, 2019.
             Was an Initiate of Kikubaaqudgha.
             Slain by Grinder (10 damage)
             ... while paralysed by Grinder
             ... on level 3 of the Dungeon.
             The game lasted 00:06:11 (1537 turns).

Marihumana the Twirler (Demonspawn Gladiator)       Turns: 1537, Time: 00:06:12

Health: -5/34      AC:  4    Str: 14    XL:     4   Next: 31%
Magic:  4/4        EV:  2    Int: 10    God:    Kikubaaqudgha [......]
Gold:   72         SH:  0    Dex: 15    Spells: 3/3 levels left

rFire    . . .     SeeInvis .   a - +0 quarterstaff
rCold    . . .     Gourm    .   (shield currently unavailable)
rNeg     . . .     Faith    .   b - +0 leather armour
rPois    .         Spirit   .   c - +0 helmet
rElec    .         Reflect  +   (no cloak)
rCorr    .         Harm     .   (no gloves)
MR       .....                  (no boots)
Stlth    +.........             k - +3 amulet of reflection
HPRegen  0.11/turn              (no ring)
MPRegen  0.09/turn              (no ring)

@: paralysed
A: talons 1, repulsion field 2
a: Renounce Religion


You were on level 3 of the Dungeon.
You worshipped Kikubaaqudgha.
Kikubaaqudgha was noncommittal.
You were not hungry.

You visited 1 branch of the dungeon, and saw 3 of its levels.

You collected 72 gold pieces.

Inventory:

Hand Weapons
 a - a +0 quarterstaff (weapon)
Missiles
 d - 3 throwing nets
 g - 8 tomahawks of dispersal (quivered)
 j - 9 tomahawks
Armour
 b - a +0 leather armour (worn)
 c - a +0 helmet (worn)
Jewellery
 k - a +3 amulet of reflection (around neck)
Scrolls
 e - a scroll of remove curse {unknown}
 h - 3 scrolls of magic mapping {unknown}
 i - a scroll of amnesia {unknown}
 n - 2 scrolls of identify {unknown}
Potions
 l - a potion of agility {unknown}
 m - a potion of flight {unknown}
Comestibles
 f - 6 rations


   Skills:
 * Level 2.4 Fighting
 * Level 4.3 Staves
 - Level 1.7 Throwing
 + Level 3.0 Dodging


You had 3 spell levels left.
You didn't know any spells.
Your spell library was empty.

Dungeon Overview and Level Annotations

Branches:
Dungeon (3/15)

Altars:
Dithmenos
Kikubaaqudgha
Okawaru
Qazlal

Annotations:
D:3 Grinder


Innate Abilities, Weirdness & Mutations

You have sharp toenails.
You are surrounded by a moderate repulsion field. (EV +3)


Message History

Grinder closely misses you. x2
You barely miss Grinder.
Grinder is severely wounded.
Grinder closely misses you.
You sock Grinder! You claw Grinder.
Grinder is almost dead.
Grinder hits you!
* * * LOW HITPOINT WARNING * * *
You hit Grinder but do no damage.
Grinder is almost dead.
Grinder misses you.
You closely miss Grinder.
Grinder is almost dead.
Grinder gestures at you.
You suddenly lose the ability to move!
Grinder hits you.
* * * LOW HITPOINT WARNING * * *
Grinder hits you!
You die...
Kikubaaqudgha rasps: "You have failed me!
Welcome... death!"

#.# #.#.#
#.# #.#.#
#.# #.#.#
#.######.#.#
#..........#
########.###
..........#
#######.#5#
...#@#
#.#.#.#
.g.#.#.# #..
..#.# ##
###.# ..#
###


You could see Grinder.

Vanquished Creatures
  An iguana (D:2)
  2 oozes (D:2)
  A worm (D:2)
  2 dart slugs (D:1)
  3 giant cockroaches
  5 goblins
  6 hobgoblins
  2 ball pythons (D:2)
  8 bats
  4 frilled lizards
  10 kobolds
  4 rats
48 creatures vanquished.

Notes
Turn   | Place    | Note
-------+----------+-------------------------------------------
     0 | D:1      | Marihumana the Demonspawn Gladiator began the quest for the
                  | Orb.
     0 | D:1      | Reached XP level 1. HP: 16/16 MP: 1/1
   260 | D:1      | Reached skill level 3 in Staves
   264 | D:1      | Gained mutation: You are surrounded by a mild repulsion
                  | field. (EV +2) [demonic ancestry]
   264 | D:1      | Reached XP level 2. HP: 15/22 MP: 2/2
   717 | D:2      | Gained mutation: You are surrounded by a moderate repulsion
                  | field. (EV +3) [demonic ancestry]
   717 | D:2      | Reached XP level 3. HP: 27/27 MP: 3/3
   757 | D:2      | Reached skill level 4 in Staves
   799 | D:2      | Gained mutation: You have sharp toenails. [demonic
                  | ancestry]
   799 | D:2      | Reached XP level 4. HP: 25/33 MP: 4/4
  1205 | D:2      | Found an ancient bone altar of Kikubaaqudgha.
  1207 | D:2      | Found a shadowy altar of Dithmenos.
  1207 | D:2      | Found an iron altar of Okawaru.
  1207 | D:2      | Found a stormy altar of Qazlal.
  1231 | D:2      | Became a worshipper of Kikubaaqudgha
  1521 | D:3      | Noticed Grinder
  1535 | D:3      | Paralysed by Grinder for 4 turns
  1537 | D:3      | Slain by Grinder

Skill      XL: |  1  2  3 |
---------------+----------+-----
Staves         | 3 4 |  4.3
Dodging        | 3 |  3.0
Fighting       | |  2.4
Throwing       | |  1.7

Action                   |  1- 3 |  4- 6 || total
-------------------------+-------+-------++-------
Melee: Quarterstaff      |    71 |    51 ||   122
       Kick              |       |    13 ||    13
  Eat: Chunk             |       |     2 ||     2
Armor: Leather armour    |    21 |    13 ||    34
Dodge: Dodged            |    74 |    32 ||   106
Block: Other             |     6 |     5 ||    11
